 Dungeon Crawl Stone Soup version 0.30.1-11-g7821555f0a (webtiles) character file.

Game seed: 17087077932348074424

67 anacleto the Shooter (level 4, -10/34 HPs)
             Began as a Human Hunter on Dec 10, 2023.
             Killed by nerve-wracking pain
             ... invoked by Grinder
              (14 damage)
             ... on level 3 of the Dungeon.
             The game lasted 00:04:52 (1480 turns).

anacleto the Shooter (Human Hunter)                 Turns: 1480, Time: 00:04:53

Health: -10/34     AC:  3    Str: 11    XL:     4   Next: 38%
Magic:  4/4        EV: 12    Int: 12    God:
Gold:   120        SH:  0    Dex: 16    Spells: 0/3 levels left

rFire   + . .        b - +0 short sword
rCold   + . .        (no shield)
rNeg    . . .        c - +0 leather armour
rPois   +            (no helmet)
rElec   +            (no cloak)
rCorr   +            (no gloves)
SInv    .            (no boots)
Will    .....        (no amulet)
Stlth   ++           (no ring)
HPRegen 0.25/turn    (no ring)
MPRegen 0.09/turn

%: no passive effects
@: resistant, attractive
A: no striking features
a: no special abilities


You were on level 3 of the Dungeon.
You visited 1 branch of the dungeon, and saw 3 of its levels.

You collected 120 gold pieces.

Inventory:

Hand Weapons
 a - a +0 shortbow
 b - a +0 short sword (weapon)
Armour
 c - a +0 leather armour (worn)
Jewellery
 m - a ring of positive energy
Scrolls
 f - a scroll of immolation
 i - a scroll of silence {unknown}
 j - a scroll of amnesia {unknown}
 k - a scroll of magic mapping {unknown}
Potions
 g - 3 potions of curing


   Skills:
 - Level 2.4 Fighting
 - Level 4.6 Ranged Weapons
 - Level 2.5 Dodging
 - Level 1.8 Stealth
 + Level 1.1 Air Magic


You couldn't memorise any spells.
You knew the following spells:

 Your Spells              Type           Power      Damage    Failure   Level
a - Swiftness             Air            2%         N/A       63%         3

Your spell library contained the following spells:

 Spells                   Type           Power      Damage    Failure   Level
 Ensorcelled Hibernation  Hex/Ice        0%         N/A       54%         2
 Passwall                 Tmut/Erth      0%         N/A       54%         2


Dungeon Overview and Level Annotations

Branches:
Dungeon (3/15)

Altars:

Annotations:
D:3 Grinder


Message History

You can move again.
Fire: a) +0 shortbow
Press: ? - help, Q - select action Shift-Dir - straight line, f - Grinder
Aim: Grinder (60% to hit)
You shoot an arrow. The arrow closely misses Grinder.
b - a +0 short sword (weapon)
You hit Grinder.
Grinder is lightly wounded.
Grinder hits you.
You writhe in agony.
You hit Grinder.
Grinder is lightly wounded.
Grinder hits you.
You writhe in agony.
It was a potion of curing.
You feel better. Grinder hits you!
You writhe in agony.
You hit Grinder but do no damage.
Grinder is lightly wounded.
Grinder hits you.
You writhe in agony.
It was a potion of resistance.
You feel protected.
Grinder says, "You look like you could use a good racking."
Grinder gestures at you. You resist with significant effort.
It was a potion of attraction.
You feel attractive to monsters. Grinder completely misses you.
As you read the scroll labelled HUSCHO XEDO, it crumbles to dust.
You hear a loud clanging noise!
It was a scroll of noise.
You hear a shout!
Grinder hits you!
* * * LOW HITPOINT WARNING * * *
Blink to where?
Press: ? - help, Dir - move target, p - Grinder
As you read the scroll labelled MAGAUL VESE, it crumbles to dust.
It was a scroll of blinking.
Grinder gestures at you.
You barely resist. Grinder is attracted toward you. Grinder gestures at you.
Pain shoots through your body!
You die...

###5
#.########.##......#
...
#.......##.##..###.###
#..
#######.##..<.........
#.. #...........###
#.. ............####
#.################.#
#.....)ยงยง.5..# #.#
############.#####.#
#.@...(.# #########


You could see Grinder.

Vanquished Creatures
  3 adders (D:2)
  A dart slug (D:2)
  2 bats
  2 endoplasms (D:1)
  3 giant cockroaches
  3 goblins (D:1)
  3 hobgoblins (D:1)
  8 ball pythons
  A frilled lizard (D:1)
  6 kobolds
  7 rats
39 creatures vanquished.

Notes
Turn   | Place    | Note
-------+----------+-------------------------------------------
     0 | D:1      | anacleto the Human Hunter began the quest for the Orb.
     0 | D:1      | Reached XP level 1. HP: 16/16 MP: 1/1
    50 | D:1      | Reached XP level 2. HP: 16/22 MP: 2/2
   314 | D:1      | Reached XP level 3. HP: 27/27 MP: 3/3
   797 | D:2      | Reached XP level 4. HP: 31/34 MP: 4/4
   834 | D:2      | Learned a level 3 spell: Swiftness
  1263 | D:2      | Reached skill level 1 in Air Magic
  1385 | D:3      | Noticed Grinder
  1465 | D:3      | Paralysed by Grinder for 5 turns
  1480 | D:3      | Killed from afar by Grinder

Illustrated notes

Levels and vault maps discovered:
D:1:      minmay_arrival_five_plusses, layout_rooms
D:2:      layout_basic
D:3:      layout_loops_ring, nicolae_gozag_seed_capital, uniq_jessica,
          uniq_crazy_yiuf_cottage, uniq_grinder

Skill      XL: |  1  2  3  4 |
---------------+-------------+-----
Air Magic      | 1 |  1.1
Fighting       | |  2.4
Ranged Weapons | |  4.6
Dodging        | |  2.5
Stealth        | |  1.8

Action                     |  1- 3 |  4- 6 || total
---------------------------+-------+-------++-------
  Melee: Short sword       |    10 |    11 ||    21
   Fire: Shortbow          |    80 |    13 ||    93
    Use: Potion            |       |     3 ||     3
         Scroll            |       |     2 ||     2
 Armour: Leather armour    |    10 |     1 ||    11
  Dodge: Dodged            |    39 |     7 ||    46
